Arrhythmia, chaotic female vampiric Convict ------- = ------- -------------- ----- ----- |.....| [ |..{..|###########...........{.| +.>.| |*+)| |......# % |.....|# # |............| #|...| |!@.| |..)..|# #|.....-## |............| ##..^)-# |.u!| -----.-# ###|..%..|) +............| ##-----# ---|- ## # # -.--.--# -------.------(### # # # # # #######(###### # # ### # / ### ### # #( ### # ### # # # ---+--- #### # / # # #### # |.....|(## ########## # ### [ #--.-----.- |......#### ------.--------# # # #|........| |.....|# # |{............|# # # ( #|........| |<.....# ###|.............|######### ## # #|."..{(..| |.....|# #..............| -+---.---## #......_..| |......# |.............| ?#........|# ---------- ------- ? |.............| |.......-# --------------- |.......| + --------- Arrhythmia the Jail-bird Experience level: 7 Strength: 17 Dexterity: 11 Constitution: 20 Intelligence: 13 Wisdom: 7 Charisma: 7 Health: 0(71) Energy: 29(32) AC: 3 Gold: 0 Moves: 2033 Your Inventory: Amulets h - a [cursed] oval amulet [of change] Armor b - a cursed +0 striped shirt (being worn) m - an [uncursed] +0 hooded cloak [dwarvish] (being worn) n - an [uncursed] +0 pair of hard shoes [iron] (being worn) q - an [uncursed] +0 chain mail (being worn) Comestibles j - an [uncursed] Hot Futa Mare Dick named Ward Scrolls e - a [blessed] scroll labeled KERNOD WEL [of confuse monster] f - an [uncursed] scroll labeled KERNOD WEL [of confuse monster] i - an [uncursed] scroll labeled HACKEM MUCHE [of teleportation] Potions s - a [blessed] brown potion [of full healing] Rings l - an [uncursed +1] emerald ring [of adornment] Tools d - an [uncursed] looking glass [mirror] Iron balls c - an [uncursed] heavy iron ball (chained to you) (weapon in hand) Spells known in the end: Name Level Category Fail Memory a - detect food 2 divination 100% [||||||||] Your skills at the end: Fighting Skills Weapon Skills sling [Basic / Skilled] Spellcasting Skills Final Attributes: You were devoutly aligned. Hunger level was 582. Your alignment was 17 / 20. Monster difficulty range was 0 - 4. Level difficulty was 2. You were immune to poison. You were immune to level-drain. You were immune to sickness. You were hallucinating. You were punished. You saw invisible. You could fly. You could survive without air. You regenerated. Your luck was zero. You are dead. Vanquished creatures: a pony a shrieker 2 gnome lords a gnomish wizard a floating eye 2 dwarves 2 giant bats 4 dwarf zombies a wererat an iguana a hobbit a brown mold a yellow mold a red mold 10 gnomes 10 garter snakes 2 gnome zombies 2 geckos 4 jackals a fox a goblin 3 sewer rats 2 grid bugs a bat 4 lichens a kobold zombie a newt and a partridge in a pear tree 62 creatures vanquished. Voluntary challenges: You went without food. You never hit with a wielded weapon. You read items or engraved 1 time. You put on armor 5 times. You never genocided any monsters. You never polymorphed an object. You never changed form. You used no wishes. You abstained from Elbereth's help. You never encountered a bones level. You never used any Sokoban shortcuts. Dungeon overview: The Dungeons of Doom: levels 1 to 4 Level 1 a long staircase Level 2 <- You were here a potion shop, an altar to Tymora, many fountains Level 3 a fountain Level 4 stairs to The Gnomish Mines The Gnomish Mines: Level 5 stairs to The Dungeons of Doom History has recorded: On T:1 you entered the Dungeons of Doom to retrieve the Amulet of Yendor! On T:365 you reached level 2 of The Dungeons of Doom. On T:626 you advanced to experience level 2. On T:809 you advanced to experience level 3. On T:872 you reached level 3 of The Dungeons of Doom. On T:910 you advanced to experience level 4. On T:1233 you reached level 4 of The Dungeons of Doom. On T:1294 you advanced to experience level 5. On T:1356 you reached level 1 of The Gnomish Mines. On T:1442 you advanced to experience level 6. On T:1730 you advanced to experience level 7. Latest messages: [HP-8=63] "For you, scum; only 300 for this smoky potion." t - a smoky potion (unpaid, 300 Hong Kong Luna Dollars). The giant mummy zaps a wand of striking! The wand hits you! [HP-9=54] You detect the presence of something. The lieutenant zaps a wand of striking! The wand hits you! The sock mole hits! The mountain nymph hits! [HP-25=29] "For you, scum; only 266 for this dark green potion." u - a dark green potion (unpaid, 266 Hong Kong Luna Dollars). The elwedritsche hits! The human zombie hits! [HP-21=8] You suddenly fall asleep! The leprechaun hits! You die... Tsjernigof takes all your possessions. Final status: Goodbye Arrhythmia the Convict... You died in The Dungeons of Doom on dungeon level 2 with 2010 points, and 0 pieces of gold, after 2033 moves. You were level 7 with a maximum of 71 hit points when you died.